 Dungeon Crawl Stone Soup version 0.28-a0-1190-g77e1c55843 (webtiles) character file.

Game seed: 15834747224194851226

800 halfoni the Chopper (level 8, 0/61 HPs)
             Began as a Human Berserker on Dec 19, 2021.
             Was a Believer of Trog.
             Killed from afar by a white imp (6 damage)
             ... with a puff of frost
             ... on level 5 of the Dungeon.
             The game lasted 00:07:43 (6445 turns).

halfoni the Chopper (Human Berserker)               Turns: 6445, Time: 00:07:45

Health: 0/61       AC:  4    Str: 21    XL:     8   Next: 13%
Magic:  8/8        EV: 12    Int:  7    God:    Trog [**....]
Gold:   139        SH:  0    Dex: 12    Spells: 7/7 levels left

rFire   . . .      SeeInvis .   a - +0 hand axe
rCold   . . .      Faith    .   (no shield)
rNeg    . . .      Spirit   .   m - +0 leather armour
rPois   .          Reflect  .   (no helmet)
rElec   .          Harm     .   o - +0 cloak
rCorr   .          Rampage  .   (no gloves)
Will    .....                   (no boots)
Stlth   +.........              (no amulet)
HPRegen 0.20/turn               (no ring)
MPRegen 0.11/turn               (no ring)

@: no status effects
A: no striking features
a: Renounce Religion, Berserk, Trog's Hand


You were on level 5 of the Dungeon.
You worshipped Trog.
Trog was pleased with you.
You visited 1 branch of the dungeon, and saw 5 of its levels.

You collected 139 gold pieces.

Inventory:

Hand Weapons
 a - a +0 hand axe (weapon)
Missiles
 s - 2 throwing nets (quivered)
Armour
 k - a +0 ring mail
 m - a +0 leather armour (worn)
 o - a +0 cloak (worn)
 t - a +0 hat
Jewellery
 h - a ring of ice
Wands
 l - a wand of flame (6)
Scrolls
 b - a scroll of fog {unknown}
 c - 3 scrolls of teleportation {unknown}
 e - a scroll of acquirement {unknown}
 f - a scroll of blinking {unknown}
 i - 4 scrolls of identify {unknown}
 j - a scroll of vulnerability {unknown}
 n - a scroll of torment {unknown}
 p - a scroll of fear {unknown}
Potions
 d - 2 potions of brilliance
 g - 2 potions of degeneration {unknown}
 q - 2 potions of flight {unknown}
 r - a potion of attraction {unknown}


   Skills:
 + Level 4.7 Fighting
 + Level 6.5 Axes
 * Level 4.4 Armour
 + Level 3.4 Dodging
 - Level 0.4 Stealth


You had 7 spell levels left.
You didn't know any spells.
Your spell library was empty.

Dungeon Overview and Level Annotations

Branches:
Dungeon (5/15)             Temple (0/1) D:4

Altars:
Ru

Shops:
D:1 :   D:2 =


Message History

* * * LOW HITPOINT WARNING * * *
The ufetubus hits you but does no damage.
The white imp misses you. The orc hits you with a +0 hand axe.
* * * LOW HITPOINT WARNING * * *
You hit the water moccasin skeleton.
The water moccasin skeleton is severely damaged.
You closely miss the orc. You hit the ufetubus.
You completely miss the white imp. The ufetubus hits you.
* * * LOW HITPOINT WARNING * * *
The ufetubus barely misses you. The water moccasin skeleton bites you.
* * * LOW HITPOINT WARNING * * *
The white imp barely misses you. The orc hits you with a +0 hand axe.
* * * LOW HITPOINT WARNING * * *
The ufetubus barely misses you. The ufetubus hits you.
* * * LOW HITPOINT WARNING * * *
You slash the water moccasin skeleton!
The water moccasin skeleton is almost destroyed.
You barely miss the white imp. You completely miss the ufetubus.
You closely miss the orc.
The water moccasin skeleton closely misses you.
The ufetubus barely misses you.
The ufetubus hits you but does no damage.
The white imp barely misses you. The orc barely misses you.
The water moccasin skeleton bites you but does no damage.
You barely miss the water moccasin skeleton.
The water moccasin skeleton is almost destroyed.
You hit the orc but do no damage. You hit the ufetubus.
You kill the ufetubus!
Trog accepts your kill.
You hit the white imp but do no damage. The white imp barely misses you.
The water moccasin skeleton barely misses you.
The orc hits you with a +0 hand axe.
* * * LOW HITPOINT WARNING * * *
You closely miss the water moccasin skeleton.
The water moccasin skeleton is almost destroyed.
You barely miss the white imp. You hit the orc but do no damage.
The water moccasin skeleton completely misses you.
The white imp gestures at you. The puff of frost hits you.
You die...

#.#o...# .. ......
..#.# .. ......
..#.# #####
......####.....
..≈≈≈ #.............
.≈... #.............
.≈._. #.............
.≈... #.....5.$.....
..≈≈≈ #....Z@.......
#.#####
#......o......
#.....
#.........####
####'# #.........#
#.....
########.........#
#.....
#......)).........#
#.....
#$....)))....)....#
#.....
#..................#
#.....
#.........##........
####++


You could see a white imp, an orc and a water moccasin skeleton.

Vanquished Creatures
  Duvessa (D:4)
  A sky beast (D:5)
  A necrophage (D:4)
  A phantom (D:4)
  A kobold brigand (D:4)
  Dowan (D:4)
  A hound (D:4)
  An orc priest (D:5)
  Crazy Yiuf (D:3)
  An iguana (D:5)
  An orc wizard (D:5)
  A hound zombie (D:5)
  8 adders
  A howler monkey skeleton (D:4)
  2 ufetubi
  A worm (D:5)
  2 dart slugs
  4 orcs
  6 ball pythons
  6 endoplasms
  2 giant cockroaches
  5 goblins
  5 hobgoblins
  4 jackals
  2 quokkas
  7 bats
  5 frilled lizards
  12 kobolds
  13 rats
97 creatures vanquished.

Vanquished Creatures (others)
  An orc wizard (D:5)
  2 plants (D:4)
3 creatures vanquished.

Grand Total: 100 creatures vanquished

Notes
Turn   | Place    | Note
-------+----------+-------------------------------------------
     0 | D:1      | halfoni the Human Berserker began the quest for the Orb.
     0 | D:1      | Reached XP level 1. HP: 18/18 MP: 1/1
   221 | D:1      | Reached XP level 2. HP: 24/24 MP: 2/2
   840 | D:1      | Found Fump's Book Boutique.
  1036 | D:1      | Reached XP level 3. HP: 23/29 MP: 3/3
  1131 | D:1      | Found a faded altar of an unknown god.
  1551 | D:2      | Found Tolalargha's Jewellery Shoppe.
  1565 | D:2      | Reached ** piety under Trog
  1746 | D:2      | Reached XP level 4. HP: 28/35 MP: 4/4
  2415 | D:2      | HP: 1/36 [poisoned by an adder]
  2990 | D:3      | Reached skill level 4 in Axes
  3229 | D:3      | Found a runed translucent door.
  3230 | D:3      | Noticed Crazy Yiuf
  3535 | D:3      | Reached XP level 5. HP: 35/42 MP: 5/5
  4046 | D:3      | Killed Crazy Yiuf
  4302 | D:4      | Noticed a necrophage
  4312 | D:4      | Killed a necrophage
  4313 | D:4      | Reached XP level 6. HP: 48/48 MP: 6/6
  4418 | D:4      | Found a staircase to the Ecumenical Temple.
  4654 | D:4      | Reached skill level 5 in Axes
  4922 | D:4      | Noticed Duvessa
  4922 | D:4      | Noticed Dowan
  4944 | D:4      | Killed Duvessa
  4945 | D:4      | Reached XP level 7. HP: 23/54 MP: 7/7
  4949 | D:4      | Killed Dowan
  4953 | D:4      | HP: 2/54 [poisoned by Duvessa]
  5939 | D:5      | Entered Level 5 of the Dungeon
  5958 | D:5      | Reached skill level 6 in Axes
  6007 | D:5      | Found a sacrificial altar of Ru.
  6234 | D:5      | Reached XP level 8. HP: 38/61 MP: 8/8
  6445 | D:5      | Killed from afar by a white imp

Illustrated notes

Levels and vault maps discovered:
D:1:      amcnicky_arrival_single_pillar, layout_basic, serial_shops,
          shop_statue, shapermc_ecumenical_altar_ellora, interstate_on_off,
          minmay_rat_gold_closets
D:2:      layout_basic, serial_shops,
          nicolae_shop_temple_entry_statues_fountains
D:3:      layout_loops_corners, uniq_crazy_yiuf_cottage
D:4:      layout_basic, minmay_temple_entry_mist, lexackson_kobold_supper,
          uniq_duvessa
D:5:      layout_basic, nicolae_ru_awakened_eye, cheibrodos_sewer_entry_bend,
          hellmonk_bongcloud_opening

Skill      XL: |  1  2  3  4  5  6  7 |
---------------+----------------------+-----
Axes           | 4 5 6 |  6.5
Armour         | 3 4 |  4.4
Fighting       | 4 |  4.7
Dodging        | 3 |  3.4
Stealth        | |  0.4

Action                   |  1- 3 |  4- 6 |  7- 9 || total
-------------------------+-------+-------+-------++-------
Melee: Hand axe          |   112 |   153 |    90 ||   355
Invok: Berserk           |       |     6 |     6 ||    12
  Use: Potion            |       |       |     2 ||     2
 Stab: Sleeping          |     5 |     3 |     1 ||     9
Armor: Animal skin       |    25 |     8 |       ||    33
       Leather armour    |       |    24 |    25 ||    49
Dodge: Dodged            |    70 |    81 |    78 ||   229

Table legend: (Time is in decaauts)
 A = Elapsed time spent in this place.
 B = Non-inter-level travel time spent in this place.
 C = Inter-level travel time spent in this place.
 D = Time resting spent in this place.
 E = Time spent auto-exploring this place.
 F = Levels seen in this place.
 G = Mean time per level.
                   A        B        C        D        E       F      G
               +--------+--------+--------+--------+--------+-----+--------+
         Total |   6576 |   6576 |      0 |   1532 |   3767 |   5 | 1315.2 |
       Dungeon |   6576 |   6576 |      0 |   1532 |   3767 |   5 | 1315.2 |
               +--------+--------+--------+--------+--------+-----+--------+

Top non-repeatable levels by time:
     D:4: 1734 daAuts
     D:2: 1551 daAuts
     D:1: 1456 daAuts
     D:3: 1280 daAuts
     D:5: 553 daAuts
